AoeStats
← donezo

Arena

506507255Analyzed
2v2 RM · 18d ago on Sep 13, 2026· 36m 49s· 4 players
Game mode
Random Map
Map size
Medium (4 player)
Population
200
Speed
Normal
Resources
Standard
Victory
Conquest
Starting age
Dark Age
Ending age
Imperial Age
RankedLock teamsTeams togetherTeam positionsShared explorationLock speedFull tech treeHidden civsTurbo modeCheats
Victory
Defeat
🇹🇷 Malians · Türkiye
1148
+12
🇹🇷 Armenians · Türkiye
1037
+15
🇺🇸 Japanese · United States
1076
-15
🇺🇸 Celts · United States
1010
-12
Sergeant Toasty
10:28 Feudal Age
15:40 Castle Age
13:58 Double-Bit Axe
14:05 Horse Collar
18:12 Bow Saw
18:50 Man-at-Arms
19:56 Heavy Plow
20:38 Scale Mail Armor
21:15 Long Swordsman
23:46 Forging
25:33 Wheelbarrow
25:50 Chain Mail Armor
27:56 Hand Cart
35:04 Imperial Age
32:53 Fortified Wall
32:55 Masonry
33:48 Iron Casting
33:20 Stronghold
35:08 Heavy Scorpion
35:59 Siege Engineers
36:59 Conscription
37:11 Plate Mail Armor
38:10 Blast Furnace
donezo
3:49 Loom
11:32 Feudal Age
14:46 Double-Bit Axe
17:09 Castle Age
16:42 Forging
16:34 Scale Mail Armor
16:47 Horse Collar
17:29 Stone Mining
19:33 Man-at-Arms
21:54 Long Swordsman
23:12 Iron Casting
Gkzaim
12:13 Feudal Age
13:05 Horse Collar
17:23 Castle Age
16:18 Scale Mail Armor
16:28 Forging
16:37 Gold Mining
16:36 Double-Bit Axe
16:49 Man-at-Arms
18:16 Gambesons
17:52 Long Swordsman
19:09 Two-Handed Swordsman
20:39 Arson
23:32 Champion
29:48 Gold Shaft Mining
30:01 Wheelbarrow
32:04 Imperial Age
32:20 Hand Cart
32:37 Padded Archer Armor
32:28 Fletching
32:31 Town Watch
33:10 Ballistics
33:22 Bow Saw
33:45 Bodkin Arrow
34:05 Leather Archer Armor
34:55 Chemistry
34:32 Heavy Plow
35:55 Loom
36:09 Stone Mining
36:35 Bracer
37:07 Ring Archer Armor
seher9203
11:22 Feudal Age
12:14 Horse Collar
16:29 Castle Age
14:44 Stone Mining
14:42 Double-Bit Axe
17:18 Loom
23:01 Arson
26:36 Gold Mining
26:59 Forging
26:52 Scale Mail Armor
30:53 Imperial Age
29:30 Gold Shaft Mining
31:21 Wheelbarrow
30:50 Squires
32:05 Iron Casting
31:45 Chain Mail Armor
31:28 Elite Gbeto
34:00 Conscription
34:28 Plate Mail Armor
Connection lost

Rejoining the realm…

Still unreachable

The connection could not be restored.

Session expired

The server has moved on; the page needs a fresh start.